[Event "106th British-ch 2019"]
[Site "Torquay"]
[Date "2019.07.28"]
[Round "2.9"]
[White "Smith, Andrew Philip"]
[Black "Ward, Chris G"]
[Result "1-0"]
[ECO "B74"]
[WhiteElo "2147"]
[BlackElo "2418"]
[Annotator "NA"]
[PlyCount "69"]
[EventDate "2019.07.27"]
[EventType "swiss"]
[EventCountry "GBR"]
[SourceTitle "playchess.com"]
[Source "ChessBase"]
[SourceQuality "1"]
[TimeControl "40/5400+30:1800+30"]

1. e4 c5 2. Nf3 d6 3. d4 cxd4 4. Nxd4 Nf6 5. Nc3 g6 6. Be2 Bg7 7. Be3 Nc6 8. Nb3 O-O 9. O-O Be6 10. f4 Rc8 11. f5 Bd7 12. Qd2 Ne5 13. Rae1 b5 14. a3 a5 15. Bd3 b4 16. axb4 axb4 17. Nd1 Nc4 18. Bxc4 Rxc4 19. Bd4 Qa8 20. Ne3 Nxe4 21. Qd3 Rxd4 22. Nxd4 Nc5 23. Qd1 Qe4 24. Nf3 Bc6 25. h3 gxf5 26. Ng5 Qd4 27. Qh5 h6 28. c3 bxc3 29. bxc3 Qxc3 30. Nxf5 Bd4+ 31. Kh1 Bxg2+ 32. Kxg2 Qd2+ 33. Kh1 hxg5 34. Nxe7+ Kg7 35. Rxf7+ 1-0

[Event "106th British-ch 2019"]
[Site "Torquay"]
[Date "2019.07.28"]
[Round "2.11"]
[White "Fernandez, Daniel Howard"]
[Black "Rocco, Federico"]
[Result "0-1"]
[ECO "A14"]
[WhiteElo "2466"]
[BlackElo "2157"]
[Annotator "ChessBase"]
[PlyCount "104"]
[EventDate "2019.07.27"]
[EventType "swiss"]
[EventCountry "GBR"]
[SourceTitle "playchess.com"]
[Source "ChessBase"]
[SourceQuality "1"]
[TimeControl "40/5400+30:1800+30"]

1. Nf3 Nf6 2. c4 e6 3. g3 b6 4. Bg2 Bb7 5. Nc3 c5 6. O-O Be7 7. b3 d5 8. cxd5 Nxd5 9. Nxd5 Bxd5 10. Bb2 O-O 11. Qc2 Nc6 12. Rad1 Qc8 13. Qb1 Nb4 14. d4 cxd4 15. Rxd4 Qc2 16. e4 Qxb1 17. Rxb1 Bc6 18. a3 Na6 19. Ne5 Rac8 20. Nxc6 Rxc6 21. Rd7 Rc7 22. Rbd1 Rfc8 23. Be5 Rxd7 24. Rxd7 Bf6 25. Bd6 Nc5 26. Rxa7 Bd4 27. Kf1 Nxb3 28. Bb4 g6 29. Bf3 Rc2 30. Be1 Rc1 31. Rd7 e5 32. Ke2 Ra1 33. Bb4 Nc5 34. Bxc5 bxc5 35. Rc7 Rxa3 36. Bg4 Ra2+ 37. Kd3 Rxf2 38. h4 Rg2 39. Bd7 Rxg3+ 40. Kc4 h5 41. Kd5 Rf3 42. Kd6 Rf4 43. Bc6 Rxh4 44. Bd5 Rf4 45. Ke7 h4 46. Ke8 h3 47. Bxf7+ Rxf7 48. Rxf7 h2 49. Rf8+ Kg7 50. Rf7+ Kh6 51. Rf8 Kg5 52. Rh8 Bg1 0-1

[Event "106th British-ch 2019"]
[Site "Torquay"]
[Date "2019.07.28"]
[Round "2.13"]
[White "Houska, Jovanka"]
[Black "Villiers, Thomas"]
[Result "1-0"]
[ECO "D02"]
[WhiteElo "2422"]
[BlackElo "2218"]
[Annotator "NA"]
[PlyCount "81"]
[EventDate "2019.07.27"]
[EventType "swiss"]
[EventCountry "GBR"]
[SourceTitle "playchess.com"]
[Source "ChessBase"]
[SourceQuality "1"]
[TimeControl "40/5400+30:1800+30"]

1. d4 d5 2. Bf4 Bf5 3. e3 e6 4. Nf3 Bd6 5. Bg3 Nf6 6. Be2 Ne4 7. c4 c6 8. Nc3 O-O 9. Qb3 Nxg3 10. hxg3 Qb6 11. c5 Qxb3 12. axb3 Bc7 13. b4 Nd7 14. b5 Bg4 15. Kd2 e5 16. b4 e4 17. Ne1 Bxe2 18. Kxe2 Rfb8 19. Nc2 a6 20. bxc6 bxc6 21. Ra2 Rb7 22. b5 Nb8 23. bxc6 Nxc6 24. Nxd5 Bd8 25. Rha1 a5 26. g4 g6 27. Nc3 f5 28. gxf5 gxf5 29. g4 fxg4 30. Nxe4 h5 31. d5 Nb4 32. c6 Rb6 33. Rxa5 Rxa5 34. Rxa5 Nxc6 35. dxc6 Rxc6 36. Nd4 Re6 37. Nxe6 Bxa5 38. Nf4 h4 39. Nf6+ Kf7 40. Nxg4 Bc7 41. Kf3 1-0

[Event "106th British-ch 2019"]
[Site "Torquay"]
[Date "2019.07.28"]
[Round "2.14"]
[White "Willow, Jonah B"]
[Black "Ogunshola, Olugbemiga (Ben)"]
[Result "1-0"]
[ECO "B06"]
[WhiteElo "2343"]
[BlackElo "2172"]
[Annotator "NA"]
[PlyCount "65"]
[EventDate "2019.07.27"]
[EventType "swiss"]
[EventCountry "GBR"]
[SourceTitle "playchess.com"]
[Source "ChessBase"]
[SourceQuality "1"]
[TimeControl "40/5400+30:1800+30"]

1. e4 d6 2. d4 g6 3. Nc3 Bg7 4. f4 a6 5. Nf3 b5 6. Bd3 Bb7 7. O-O Nd7 8. a4 b4 9. Ne2 c5 10. c3 bxc3 11. bxc3 e6 12. f5 gxf5 13. exf5 e5 14. Ng5 Ngf6 15. Qe1 h6 16. Nh3 Qe7 17. Rb1 Bc6 18. Ng3 O-O 19. Nf4 Rfe8 20. Nfh5 Bf8 21. dxc5 d5 22. Be3 Qd8 23. Nxf6+ Nxf6 24. Rb6 Qc7 25. Ne2 e4 26. Bb1 Ng4 27. Rf4 Nxe3 28. Qg3+ Kh7 29. Qxe3 Bd7 30. Rh4 Bxf5 31. Rbxh6+ Kg7 32. Qg5+ Bg6 33. Rh7+ 1-0

[Event "106th British-ch 2019"]
[Site "Torquay"]
[Date "2019.07.28"]
[Round "2.17"]
[White "Gordon, Stephen J"]
[Black "Starley, Robert"]
[Result "1-0"]
[ECO "A36"]
[WhiteElo "2516"]
[BlackElo "2058"]
[Annotator "ChessBase"]
[PlyCount "111"]
[EventDate "2019.07.27"]
[EventType "swiss"]
[EventCountry "GBR"]
[SourceTitle "playchess.com"]
[Source "ChessBase"]
[SourceQuality "1"]
[TimeControl "40/5400+30:1800+30"]

1. c4 Nf6 2. Nc3 c5 3. g3 Nc6 4. Bg2 g6 5. e3 Bg7 6. Nge2 d6 7. d4 cxd4 8. exd4 Bd7 9. h3 Qc8 10. g4 h6 11. Be3 a5 12. Na4 Qc7 13. Nec3 O-O 14. Rc1 Ra6 15. Nb5 Qd8 16. b3 Re8 17. O-O Qb8 18. d5 Nd8 19. Qd2 Kh7 20. Nb6 Bc8 21. c5 dxc5 22. Bf4 Rxb6 23. Bxb8 Rxb5 24. Rfe1 b6 25. Be5 Bb7 26. d6 Bxg2 27. dxe7 Rxe7 28. Kxg2 Ne6 29. Qd6 Ra7 30. Rc4 Rb4 31. Qc6 Nd7 32. Bxg7 Kxg7 33. Rxe6 fxe6 34. Qxe6 Nf6 35. Rxb4 axb4 36. Qxb6 Rxa2 37. Qc7+ Kg8 38. Qe7 Nh7 39. Qxc5 Nf8 40. Qxb4 Kf7 41. Qf4+ Kg7 42. b4 Ra4 43. Qc7+ Kg8 44. Qd6 Ra7 45. b5 Rd7 46. Qc6 Rg7 47. b6 Nd7 48. b7 Kh7 49. f4 Nb8 50. Qc8 Rg8 51. Qc7+ Kh8 52. Kf3 Re8 53. f5 gxf5 54. gxf5 Kg8 55. f6 Rf8 56. Qg7# 1-0

[Event "106th British-ch 2019"]
[Site "Torquay"]
[Date "2019.07.28"]
[Round "2.18"]
[White "Wadsworth, Matthew J"]
[Black "Ledger, Dave J"]
[Result "1-0"]
[ECO "A20"]
[WhiteElo "2418"]
[BlackElo "2168"]
[Annotator "NA"]
[PlyCount "63"]
[EventDate "2019.07.27"]
[EventType "swiss"]
[EventCountry "GBR"]
[SourceTitle "playchess.com"]
[Source "ChessBase"]
[SourceQuality "1"]
[TimeControl "40/5400+30:1800+30"]

1. g3 e5 2. c4 Nf6 3. Bg2 c6 4. d4 e4 5. Nc3 d5 6. cxd5 cxd5 7. Bg5 Nbd7 8. Qb3 Bd6 9. Nb5 Bb8 10. Qb4 a5 11. Qa3 Nb6 12. Rc1 Nc4 13. Rxc4 dxc4 14. Bxe4 Qb6 15. Bxf6 gxf6 16. Qe3 Kd8 17. a4 Re8 18. Qf3 Bc7 19. e3 Bd7 20. Ne2 Bxb5 21. axb5 Qxb5 22. Bxb7 Rb8 23. Bc6 Qb4+ 24. Nc3 Re6 25. O-O Qxb2 26. Na4 Qa3 27. Nc5 Rd6 28. Qe4 Re6 29. Qd5+ Rd6 30. Qxf7 Bb6 31. Qe8+ Kc7 32. Na6# 1-0

[Event "106th British-ch 2019"]
[Site "Torquay"]
[Date "2019.07.28"]
[Round "2.20"]
[White "Zapolskis, Antanas"]
[Black "Holland, Chris Kd"]
[Result "1-0"]
[ECO "C08"]
[WhiteElo "2290"]
[BlackElo "2143"]
[Annotator "NA"]
[PlyCount "117"]
[EventDate "2019.07.27"]
[EventType "swiss"]
[EventCountry "GBR"]
[SourceTitle "playchess.com"]
[Source "ChessBase"]
[SourceQuality "1"]
[TimeControl "40/5400+30:1800+30"]

1. e4 e6 2. d4 d5 3. Nd2 a6 4. Ngf3 c5 5. exd5 exd5 6. dxc5 Bxc5 7. Nb3 Ba7 8. Bg5 Ne7 9. Qe2 Nbc6 10. O-O-O O-O 11. Be3 Qc7 12. Bxa7 Nxa7 13. Qe5 Qxe5 14. Nxe5 f6 15. Nd3 Nb5 16. Nf4 Nc7 17. Bd3 b6 18. Rhe1 Rf7 19. c4 g6 20. Kb1 Kf8 21. c5 bxc5 22. Nxc5 a5 23. Bc2 Rb8 24. Bb3 Bf5+ 25. Ka1 Rb5 26. Rc1 g5 27. Ne2 Nc6 28. Ba4 Rxc5 29. Rxc5 Nb4 30. Rec1 Ne6 31. Rxa5 Bd3 32. Rc8+ Kg7 33. Nc1 Bf1 34. a3 Nd3 35. Nxd3 Bxd3 36. Rxd5 Nf4 37. Rd7 Rxd7 38. Bxd7 Nxg2 39. Be6 Nf4 40. Bc4 Be4 41. Rg8+ Kh6 42. a4 Nh3 43. a5 Nxf2 44. a6 Ng4 45. h3 Nf2 46. Be6 f5 47. a7 f4 48. a8=Q Bxa8 49. Rxa8 Kh5 50. b4 Kh4 51. Ra3 h5 52. b5 Ne4 53. b6 Nd6 54. Bd5 g4 55. hxg4 hxg4 56. b7 Nxb7 57. Bxb7 f3 58. Bxf3 gxf3 59. Rxf3 1-0

[Event "106th British-ch 2019"]
[Site "Torquay"]
[Date "2019.07.28"]
[Round "2.23"]
[White "Wall, Tim P"]
[Black "Modi, Shyam Jagdish"]
[Result "0-1"]
[ECO "A49"]
[WhiteElo "2246"]
[BlackElo "2098"]
[Annotator "NA"]
[PlyCount "60"]
[EventDate "2019.07.27"]
[EventType "swiss"]
[EventCountry "GBR"]
[SourceTitle "playchess.com"]
[Source "ChessBase"]
[SourceQuality "1"]
[TimeControl "40/5400+30:1800+30"]

1. d4 Nf6 2. Nf3 g6 3. g3 Bg7 4. Bg2 O-O 5. O-O d6 6. b3 Nbd7 7. Bb2 e5 8. dxe5 Ng4 9. Qc1 Ngxe5 10. c4 Nxf3+ 11. Bxf3 Ne5 12. Bg2 f5 13. Nc3 f4 14. gxf4 Bh6 15. Nd5 Qh4 16. Qc3 Bxf4 17. Nxf4 Rxf4 18. Bc1 Rf5 19. f4 Ng4 20. h3 Nf6 21. Bb2 Kf7 22. e4 Rh5 23. e5 Ne8 24. Rf3 Bd7 25. Re1 Rf5 26. exd6 cxd6 27. Rfe3 Qf6 28. Qd2 Qh4 29. Qd5+ Rxd5 30. Bxd5+ Kf8 0-1

[Event "106th British-ch 2019"]
[Site "Torquay"]
[Date "2019.07.28"]
[Round "2.24"]
[White "Longson, Sarah N"]
[Black "Toma, Katarzyna"]
[Result "0-1"]
[ECO "B40"]
[WhiteElo "2095"]
[BlackElo "2229"]
[Annotator "NA"]
[PlyCount "78"]
[EventDate "2019.07.27"]
[EventType "swiss"]
[EventCountry "GBR"]
[SourceTitle "playchess.com"]
[Source "ChessBase"]
[SourceQuality "1"]
[TimeControl "40/5400+30:1800+30"]

1. e4 c5 2. Nf3 e6 3. g3 Nc6 4. Bg2 Nf6 5. Qe2 e5 6. c3 Be7 7. a4 O-O 8. Na3 d5 9. exd5 Qxd5 10. Qc4 Qd8 11. O-O Bf5 12. Re1 Na5 13. Qa2 e4 14. Ng5 Qd3 15. Re3 Qd5 16. Nxe4 Qxa2 17. Nxf6+ Bxf6 18. Rxa2 Nb3 19. Re1 Rfe8 20. Rd1 Rad8 21. Bxb7 Re7 22. Bf3 Rde8 23. Kg2 Re1 24. d4 Rxd1 25. Bxd1 Nxc1 26. Ra1 Nd3 27. Bc2 cxd4 28. Bxd3 Bxd3 29. cxd4 Be4+ 30. f3 Bc6 31. Nc4 Bxd4 32. Rd1 Bc5 33. b3 Re2+ 34. Kf1 Rf2+ 35. Ke1 Rxf3 36. Rd8+ Bf8 37. Na5 Rf6 38. Rc8 Bd5 39. b4 g6 0-1

[Event "106th British-ch 2019"]
[Site "Torquay"]
[Date "2019.07.28"]
[Round "2.25"]
[White "Merriman, John"]
[Black "Donaldson, Thomas"]
[Result "1-0"]
[ECO "A65"]
[WhiteElo "2226"]
[BlackElo "2065"]
[Annotator "NA"]
[PlyCount "63"]
[EventDate "2019.07.27"]
[EventType "swiss"]
[EventCountry "GBR"]
[SourceTitle "playchess.com"]
[Source "ChessBase"]
[SourceQuality "1"]
[TimeControl "40/5400+30:1800+30"]

1. d4 Nf6 2. c4 g6 3. Nc3 Bg7 4. e4 d6 5. Nge2 O-O 6. Ng3 c5 7. d5 e6 8. Be2 exd5 9. cxd5 a6 10. a4 h5 11. Bg5 Qc7 12. Qd2 Nbd7 13. O-O Nh7 14. Bh6 h4 15. Nh1 Ne5 16. Bxg7 Kxg7 17. f4 Ng4 18. Bxg4 Bxg4 19. Nf2 Bd7 20. e5 b5 21. exd6 Qb6 22. a5 Qxd6 23. Nce4 Qc7 24. Qc3+ Kg8 25. Nxc5 Rfc8 26. b4 Qxf4 27. Nfe4 Qg4 28. h3 Qh5 29. Nd6 Qxd5 30. Rxf7 Qxf7 31. Nxf7 Kxf7 32. Qb3+ 1-0

[Event "106th British-ch 2019"]
[Site "Torquay"]
[Date "2019.07.28"]
[Round "2.26"]
[White "Player, Edmund C"]
[Black "Jaufarally, Nadia"]
[Result "1-0"]
[ECO "B31"]
[WhiteElo "2202"]
[BlackElo "1944"]
[Annotator "NA"]
[PlyCount "79"]
[EventDate "2019.07.27"]
[EventType "swiss"]
[EventCountry "GBR"]
[SourceTitle "playchess.com"]
[Source "ChessBase"]
[SourceQuality "1"]
[TimeControl "40/5400+30:1800+30"]

1. e4 c5 2. Nf3 Nc6 3. Bb5 g6 4. Bxc6 dxc6 5. d3 Bg7 6. h3 e5 7. Be3 b6 8. a4 a5 9. O-O Ne7 10. Qd2 h6 11. Na3 Qc7 12. Nc4 Be6 13. Qc1 f5 14. exf5 gxf5 15. Bd2 Ng6 16. Bc3 O-O 17. Ncxe5 Nxe5 18. Bxe5 Bxe5 19. Qe3 Bxb2 20. Qxe6+ Kh7 21. Rab1 Bg7 22. Rfe1 Rae8 23. Qb3 Rb8 24. Qc4 Qd6 25. Re6 Qd7 26. Ne5 Bxe5 27. Rxe5 Qg7 28. Rbe1 Rf7 29. f3 Rbb7 30. Qe6 Qg6 31. Qc8 Rbc7 32. Qb8 Rg7 33. R1e2 Qg5 34. Re8 Qc1+ 35. Re1 Qxc2 36. Rh8+ Kg6 37. Qe8+ Kg5 38. h4+ Kxh4 39. Rxh6+ Kg3 40. Qe5+ 1-0

[Event "106th British-ch 2019"]
[Site "Torquay"]
[Date "2019.07.28"]
[Round "2.27"]
[White "Khan, Tito"]
[Black "Stoyanov, Viktor"]
[Result "0-1"]
[ECO "A45"]
[WhiteElo "1921"]
[BlackElo "2198"]
[Annotator "NA"]
[PlyCount "50"]
[EventDate "2019.07.27"]
[EventType "swiss"]
[EventCountry "GBR"]
[SourceTitle "playchess.com"]
[Source "ChessBase"]
[SourceQuality "1"]
[TimeControl "40/5400+30:1800+30"]

1. d4 Nf6 2. Bf4 g6 3. Nc3 d5 4. e3 Bg7 5. h4 O-O 6. h5 c5 7. Nb5 Nc6 8. Nc7 e5 9. dxe5 Qxc7 10. exf6 Qa5+ 11. c3 Bxf6 12. Bd3 g5 13. Bg3 d4 14. Qf3 dxc3 15. Qe4 cxb2+ 16. Ke2 Rd8 17. Bd6 Bf5 18. Qxf5 Rxd6 19. Qxh7+ Kf8 20. Rd1 Rad8 21. Nf3 Qxa2 22. Bb1 Qc4+ 23. Bd3 Rxd3 24. Rxd3 Nb4 25. Ne5 Bxe5 0-1

[Event "106th British-ch 2019"]
[Site "Torquay"]
[Date "2019.07.29"]
[Round "3.2"]
[White "Rocco, Federico"]
[Black "Haria, Ravi"]
[Result "0-1"]
[ECO "B09"]
[WhiteElo "2157"]
[BlackElo "2430"]
[Annotator "NA"]
[PlyCount "86"]
[EventDate "2019.07.27"]
[EventType "swiss"]
[EventCountry "GBR"]
[SourceTitle "playchess.com"]
[Source "ChessBase"]
[SourceQuality "1"]
[TimeControl "40/5400+30:1800+30"]

1. e4 d6 2. d4 Nf6 3. Nc3 g6 4. f4 Bg7 5. Nf3 O-O 6. Bd3 Nc6 7. e5 dxe5 8. dxe5 Nd5 9. Nxd5 Qxd5 10. Qe2 Be6 11. O-O Rad8 12. Bd2 f6 13. Bc3 fxe5 14. fxe5 Qc5+ 15. Qf2 Qxf2+ 16. Rxf2 Bd5 17. Re1 Bxa2 18. Rfe2 Bd5 19. Ng5 h6 20. Nh3 g5 21. Nf2 b6 22. b3 Be6 23. Re4 Bd5 24. R4e3 a5 25. Rh3 Be6 26. Rg3 Nd4 27. Rge3 c5 28. Ne4 Bf5 29. Bxd4 Rxd4 30. c3 Rdd8 31. Bc4+ Kh7 32. Ng3 Bg6 33. Be6 Rd2 34. R3e2 Rxe2 35. Rxe2 Rf4 36. Bd5 h5 37. c4 h4 38. Ne4 Rf5 39. e6 Bd4+ 40. Nf2 Rxf2 41. Rxf2 Kg7 42. Kf1 Bxf2 43. Kxf2 Bc2 0-1

[Event "106th British-ch 2019"]
[Site "Torquay"]
[Date "2019.07.29"]
[Round "3.3"]
[White "Smith, Andrew Philip"]
[Black "Eggleston, David J"]
[Result "1-0"]
[ECO "C00"]
[WhiteElo "2147"]
[BlackElo "2399"]
[Annotator "NA"]
[PlyCount "65"]
[EventDate "2019.07.27"]
[EventType "swiss"]
[EventCountry "GBR"]
[SourceTitle "playchess.com"]
[Source "ChessBase"]
[SourceQuality "1"]
[TimeControl "40/5400+30:1800+30"]

1. e4 e6 2. b3 d5 3. Bb2 dxe4 4. Nc3 Nf6 5. Qe2 Be7 6. O-O-O O-O 7. g4 Nc6 8. g5 Nd5 9. Nxe4 a5 10. a4 b5 11. axb5 Ncb4 12. Qc4 Re8 13. Nf3 a4 14. Qd4 Bf8 15. Rg1 axb3 16. cxb3 e5 17. Nxe5 Bf5 18. Bc4 Ra2 19. d3 Bg6 20. Ng4 Kh8 21. Ne5 Qa8 22. Nxg6+ fxg6 23. Rge1 c5 24. bxc6 Qxc6 25. Nc3 Nxc3 26. Qxc3 Rxe1 27. Qxe1 Qa8 28. Qe6 Ra1+ 29. Bxa1 Qxa1+ 30. Kd2 Qb2+ 31. Ke1 Nc2+ 32. Kf1 Ne3+ 33. fxe3 1-0

[Event "106th British-ch 2019"]
[Site "Torquay"]
[Date "2019.07.29"]
[Round "3.7"]
[White "Pein, Malcolm"]
[Black "Emms, John M"]
[Result "1/2-1/2"]
[ECO "A37"]
[WhiteElo "2312"]
[BlackElo "2481"]
[Annotator "ChessBase"]
[PlyCount "76"]
[EventDate "2019.07.27"]
[EventType "swiss"]
[EventCountry "GBR"]
[SourceTitle "playchess.com"]
[Source "ChessBase"]
[SourceQuality "1"]
[TimeControl "40/5400+30:1800+30"]

1. Nf3 c5 2. c4 g6 3. Nc3 Bg7 4. g3 Nc6 5. Bg2 d6 6. O-O e6 7. e3 Nge7 8. d4 O-O 9. d5 Na5 10. Nd2 Rb8 11. Qc2 exd5 12. Nxd5 Nxd5 13. Bxd5 Nc6 14. a3 Ne7 15. Bg2 b5 16. cxb5 Rxb5 17. Rb1 Bf5 18. e4 Be6 19. b4 cxb4 20. axb4 Qb8 21. Bb2 Rc8 22. Qd3 Bxb2 23. Rxb2 Rxb4 24. Rxb4 Qxb4 25. Rb1 Rc3 26. Qa6 Qd4 27. Nf1 Nc6 28. Ne3 Ne5 29. Rd1 Rd3 30. Ra1 Nc4 31. Bf1 Rxe3 32. fxe3 Qxe3+ 33. Kh1 Nd2 34. Bg2 Nxe4 35. Qxa7 Nf2+ 36. Kg1 Nh3+ 37. Kh1 Nf2+ 38. Kg1 Nh3+ 1/2-1/2

[Event "106th British-ch 2019"]
[Site "Torquay"]
[Date "2019.07.29"]
[Round "3.8"]
[White "Arkell, Keith C"]
[Black "Lane, Gary W"]
[Result "1-0"]
[ECO "D25"]
[WhiteElo "2461"]
[BlackElo "2364"]
[Annotator "ChessBase"]
[PlyCount "87"]
[EventDate "2019.07.27"]
[EventType "swiss"]
[EventCountry "GBR"]
[SourceTitle "playchess.com"]
[Source "ChessBase"]
[SourceQuality "1"]
[TimeControl "40/5400+30:1800+30"]

1. d4 d5 2. Nf3 Nf6 3. c4 dxc4 4. e3 b5 5. a4 b4 6. Bxc4 e6 7. Nbd2 Bb7 8. O-O Be7 9. Qe2 Nbd7 10. b3 O-O 11. Bb2 c5 12. Rac1 Rc8 13. Ba6 Qb6 14. Bxb7 Qxb7 15. Nc4 cxd4 16. Bxd4 Nc5 17. Nfd2 Qd5 18. Rfd1 Rfd8 19. Bxc5 Qxc5 20. Qf3 h6 21. h3 e5 22. Ne4 Nxe4 23. Qxe4 Bf6 24. Qb7 g6 25. Kh2 Rc7 26. Qf3 Kg7 27. Rxd8 Bxd8 28. Rd1 Be7 29. Qe4 f6 30. g4 Kf7 31. Kg2 Qc6 32. Qxc6 Rxc6 33. Rd7 a6 34. Rb7 Ke6 35. e4 Bc5 36. Kf3 f5 37. Rg7 Kf6 38. Rxg6+ Kxg6 39. Nxe5+ Kg5 40. Nxc6 fxe4+ 41. Kxe4 Bxf2 42. Nxb4 a5 43. Nd3 Bb6 44. Kf3 1-0

[Event "106th British-ch 2019"]
[Site "Torquay"]
[Date "2019.07.29"]
[Round "3.9"]
[White "Pert, Richard G"]
[Black "Derakhshani, Borna"]
[Result "1-0"]
[ECO "B10"]
[WhiteElo "2430"]
[BlackElo "2300"]
[Annotator "NA"]
[PlyCount "67"]
[EventDate "2019.07.27"]
[EventType "swiss"]
[EventCountry "GBR"]
[SourceTitle "playchess.com"]
[Source "ChessBase"]
[SourceQuality "1"]
[TimeControl "40/5400+30:1800+30"]

1. e4 c6 2. c4 d5 3. cxd5 cxd5 4. exd5 Nf6 5. Nc3 g6 6. Bc4 Bg7 7. Nf3 O-O 8. O-O Nbd7 9. d3 Nb6 10. Qb3 Bg4 11. Ne5 Bf5 12. Re1 Rc8 13. Be3 Nh5 14. Nf3 Bg4 15. Ng5 h6 16. Nge4 Nxc4 17. dxc4 f5 18. Nd2 f4 19. Bxa7 f3 20. g3 e5 21. Nce4 Rf5 22. Qb6 Qf8 23. Qd6 Qf7 24. Qe6 Qxe6 25. dxe6 Bf8 26. c5 Ng7 27. Nc4 Ra8 28. Ne3 Bh3 29. Nxf5 gxf5 30. Nf6+ Kh8 31. Rxe5 Be7 32. Nd5 Bg5 33. Bb6 f4 34. e7 1-0

[Event "106th British-ch 2019"]
[Site "Torquay"]
[Date "2019.07.29"]
[Round "3.11"]
[White "Rudd, Jack"]
[Black "Gordon, Stephen J"]
[Result "1/2-1/2"]
[ECO "D35"]
[WhiteElo "2275"]
[BlackElo "2516"]
[Annotator "ChessBase"]
[PlyCount "48"]
[EventDate "2019.07.27"]
[EventType "swiss"]
[EventCountry "GBR"]
[SourceTitle "playchess.com"]
[Source "ChessBase"]
[SourceQuality "1"]
[TimeControl "40/5400+30:1800+30"]

1. d4 Nf6 2. c4 e6 3. Nf3 d5 4. cxd5 exd5 5. Nc3 c6 6. Bg5 h6 7. Bh4 Bf5 8. e3 Nbd7 9. Bd3 Bxd3 10. Qxd3 Bd6 11. O-O O-O 12. Rab1 a5 13. a3 Re8 14. Qc2 Qe7 15. Bg3 Bxg3 16. hxg3 Nb6 17. Nd2 Ng4 18. Qf5 Nf6 19. Qc2 Rec8 20. b4 axb4 21. axb4 Ra3 22. Ne2 Rca8 23. b5 Ra2 24. Qc1 Nfd7 1/2-1/2

[Event "106th British-ch 2019"]
[Site "Torquay"]
[Date "2019.07.29"]
[Round "3.13"]
[White "Ward, Chris G"]
[Black "Toma, Katarzyna"]
[Result "0-1"]
[ECO "A29"]
[WhiteElo "2418"]
[BlackElo "2229"]
[Annotator "NA"]
[PlyCount "60"]
[EventDate "2019.07.27"]
[EventType "swiss"]
[EventCountry "GBR"]
[SourceTitle "playchess.com"]
[Source "ChessBase"]
[SourceQuality "1"]
[TimeControl "40/5400+30:1800+30"]

1. c4 e5 2. g3 Nf6 3. Bg2 d5 4. cxd5 Nxd5 5. Nc3 Be6 6. Nf3 Nc6 7. O-O Be7 8. d4 Nxc3 9. bxc3 e4 10. Ne1 f5 11. f3 exf3 12. Bxf3 O-O 13. Qa4 Qd7 14. Rb1 Rab8 15. Bg2 b5 16. Qc2 b4 17. e3 bxc3 18. Rxb8 Rxb8 19. Qxc3 Nb4 20. Bd2 Nxa2 21. Qa5 c5 22. Nf3 Rb5 23. Ne5 Rxa5 24. Nxd7 Rb5 25. Nxc5 Bxc5 26. dxc5 Rxc5 27. Rb1 Rc2 28. Rb8+ Kf7 29. Rb7+ Kg6 30. Ba5 Rxg2+ 0-1

[Event "106th British-ch 2019"]
[Site "Torquay"]
[Date "2019.07.29"]
[Round "3.14"]
[White "Stoyanov, Viktor"]
[Black "Wadsworth, Matthew J"]
[Result "0-1"]
[ECO "A21"]
[WhiteElo "2198"]
[BlackElo "2418"]
[Annotator "NA"]
[PlyCount "68"]
[EventDate "2019.07.27"]
[EventType "swiss"]
[EventCountry "GBR"]
[SourceTitle "playchess.com"]
[Source "ChessBase"]
[SourceQuality "1"]
[TimeControl "40/5400+30:1800+30"]

1. c4 e5 2. Nc3 Bb4 3. Nd5 Be7 4. Nf3 c6 5. Nxe7 Qxe7 6. e3 d6 7. d4 Nf6 8. b3 e4 9. Nd2 a5 10. Be2 h5 11. h3 Na6 12. a3 Nc7 13. Bb2 h4 14. Nb1 Rh6 15. Nc3 Rg6 16. Bf1 Be6 17. Qc2 d5 18. cxd5 Bxd5 19. Na4 Nd7 20. Nc5 b6 21. Nxd7 Kxd7 22. Bc3 Qe6 23. Rb1 b5 24. a4 b4 25. Bd2 Qd6 26. Qd1 Rg5 27. Rc1 Qg6 28. Rc5 Ne6 29. Rxd5+ cxd5 30. f4 exf3 31. Qxf3 Ke7 32. e4 Rg3 33. Qf5 Qxf5 34. exf5 Nxd4 0-1

[Event "106th British-ch 2019"]
[Site "Torquay"]
[Date "2019.07.29"]
[Round "3.15"]
[White "Pigott, John C"]
[Black "Merriman, John"]
[Result "1/2-1/2"]
[ECO "A37"]
[WhiteElo "2384"]
[BlackElo "2226"]
[Annotator "NA"]
[PlyCount "37"]
[EventDate "2019.07.27"]
[EventType "swiss"]
[EventCountry "GBR"]
[SourceTitle "playchess.com"]
[Source "ChessBase"]
[SourceQuality "1"]
[TimeControl "40/5400+30:1800+30"]

1. c4 e5 2. g3 c5 3. Nc3 g6 4. Bg2 Bg7 5. a3 a5 6. Nf3 Nc6 7. O-O Nge7 8. Ne1 h5 9. d3 h4 10. Ne4 d6 11. Bg5 f5 12. Nc3 hxg3 13. hxg3 Be6 14. Nd5 Rh5 15. Nf3 Bxd5 16. cxd5 Nd4 17. Nxd4 cxd4 18. Qd2 Kf7 19. Bf3 1/2-1/2

[Event "106th British-ch 2019"]
[Site "Torquay"]
[Date "2019.07.29"]
[Round "3.16"]
[White "Jones, Steven A"]
[Black "Bradbury, Neil H"]
[Result "1/2-1/2"]
[ECO "A46"]
[WhiteElo "2117"]
[BlackElo "2322"]
[Annotator "NA"]
[PlyCount "87"]
[EventDate "2019.07.27"]
[EventType "swiss"]
[EventCountry "GBR"]
[SourceTitle "playchess.com"]
[Source "ChessBase"]
[SourceQuality "1"]
[TimeControl "40/5400+30:1800+30"]

1. d4 Nf6 2. Nf3 e6 3. g3 b5 4. Bg2 Bb7 5. O-O c5 6. Bg5 cxd4 7. Bxf6 Qxf6 8. Nxd4 Bxg2 9. Kxg2 a6 10. c3 Be7 11. Qd3 O-O 12. a4 b4 13. a5 d5 14. cxb4 Bxb4 15. Rc1 Nd7 16. e3 Nc5 17. Qc2 Rac8 18. Nc3 g6 19. Qe2 Bxc3 20. Rxc3 Ne4 21. Rxc8 Rxc8 22. f3 e5 23. fxe4 exd4 24. exd5 d3 25. Qf1 Qxb2+ 26. Kf3 d2 27. Rd1 Rc1 28. Qe2 Qf6+ 29. Kg2 Rxd1 30. Qxd1 Qc3 31. Kf2 Qxa5 32. e4 f5 33. Qc2 fxe4 34. Qc8+ Kg7 35. Qd7+ Kh6 36. Qh3+ Kg7 37. Qd7+ Kf8 38. Qc8+ Ke7 39. Qe6+ Kf8 40. Qc8+ Ke7 41. Qe6+ Kd8 42. Qd6+ Kc8 43. Qc6+ Kd8 44. Qd6+ 1/2-1/2

[Event "106th British-ch 2019"]
[Site "Torquay"]
[Date "2019.07.29"]
[Round "3.18"]
[White "Modi, Shyam Jagdish"]
[Black "Zapolskis, Antanas"]
[Result "0-1"]
[ECO "C01"]
[WhiteElo "2098"]
[BlackElo "2290"]
[Annotator "NA"]
[PlyCount "58"]
[EventDate "2019.07.27"]
[EventType "swiss"]
[EventCountry "GBR"]
[SourceTitle "playchess.com"]
[Source "ChessBase"]
[SourceQuality "1"]
[TimeControl "40/5400+30:1800+30"]

1. d4 b5 2. e4 a6 3. Bd3 e6 4. Nf3 c5 5. c3 d6 6. O-O Nf6 7. Re1 Be7 8. Nbd2 O-O 9. a4 b4 10. Qe2 bxc3 11. bxc3 cxd4 12. cxd4 Nc6 13. Ba3 a5 14. e5 dxe5 15. Bxe7 Qxe7 16. dxe5 Nd5 17. Qe4 g6 18. Bb5 Ncb4 19. Nc4 Bb7 20. Nd6 Rab8 21. Nxb7 Rxb7 22. Rec1 Rc7 23. Rxc7 Qxc7 24. Nd4 Nc3 25. Qe3 Nbd5 26. Qe1 Qc5 27. Qd2 Ne4 28. Qd3 Ndc3 29. Re1 Rd8 0-1